 Dungeon Crawl Stone Soup version 0.31.0-4-g52a2dc7128 (webtiles) character file.

Game seed: 12098121282864216604

391 Gobbopathe the Changeling (level 6, -1/42 HPs)
             Began as an Octopode Shapeshifter on Jan 21, 2024.
             Splashed by a jelly's acid (10 damage)
             ... on level 4 of the Dungeon.
             The game lasted 00:04:36 (3463 turns).

Gobbopathe the Changeling (Octopode Shapeshifter)   Turns: 3463, Time: 00:04:36

Health: -1/42      AC: -11   Str: 15    XL:     6   Next: 80%
Magic:  6/6        EV: 13    Int: 13    God:
Gold:   162        SH:  0    Dex: 11    Spells: 5/5 levels left

rFire   . .          .
                       - Unarmed
rCold   . . .        (no shield)
rNeg    . . .        (helmet currently unavailable)
rPois   .            (no amulet)
rElec   .            (no ring)
rCorr   .            (no ring)
SInv    .            (no ring)
Will    .....        (no ring)
Stlth   +++          (no ring)
HPRegen 0.27/turn    (no ring)
MPRegen 0.10/turn    (no ring)
                     (no ring)

%: no passive effects
@: beast-form, corroded
A: beast (slay +2), almost no armour, amphibious, 8 rings, camouflage 1,
gelatinous body 1, (nimble swimmer 1), tentacles
a: Begin Untransformation


You were on level 4 of the Dungeon.
You were a hulking beast.
You visited 1 branch of the dungeon, and saw 4 of its levels.

You collected 162 gold pieces.

Inventory:

Hand Weapons
 b - a +0 sling
Missiles
 g - 35 stones (quivered)
 t - 2 boomerangs
Magical Staves
 u - a staff of death
Jewellery
 n - a ring of magical power
Talismans
 c - a flux talisman
 y - a beast talisman
Scrolls
 e - a scroll of blinking {unknown}
 h - a scroll of summoning {unknown}
 k - a scroll of fear {unknown}
 l - 2 scrolls of identify {unknown}
 m - a scroll of enchant armour {unknown}
 o - a scroll of noise {unknown}
 r - 4 scrolls of teleportation {unknown}
 s - a scroll of amnesia {unknown}
 z - a scroll of silence {unknown}
Potions
 a - a potion of lignification
 d - 2 potions of curing {unknown}
 f - 3 potions of might {unknown}
 i - a potion of brilliance {unknown}
 j - a potion of cancellation {unknown}
 p - 3 potions of enlightenment {unknown}
 q - a potion of berserk rage {unknown}
 v - 2 potions of haste {unknown}
 w - a potion of ambrosia {unknown}
 x - a potion of resistance {unknown}
 A - a potion of attraction {unknown}
 B - a potion of invisibility {unknown}


   Skills:
 * Level 3.5 Fighting
 + Level 3.3 Dodging
 + Level 3.4 Stealth
 + Level 3.8 Unarmed Combat
 * Level 4.3 Shapeshifting


You had 5 spell levels left.
You didn't know any spells.
Your spell library contained the following spells:

 Spells                   Type           Power      Damage    Failure   Level
 Dazzling Flash           Conj/Hex       0%         N/A       67%         3
 Mephitic Cloud           Conj/Alch/Air  0%         N/A       67%         3
 Curse of Agony           Necr           0%         N/A       100%        5
 Silence                  Hex/Air        0%         N/A       100%        5


Dungeon Overview and Level Annotations

Branches:
Dungeon (4/15) Zot: 20540
 Temple: D:4-7

Altars:
Trog


Innate Abilities, Weirdness & Mutations

You are a hulking beast.
Your limbs bulge with bestial killing power. (Slay +2)
You cannot wear most types of armour.
You are amphibious.
You can wear up to eight rings at the same time.
Your skin changes colour to match your surroundings (Stealth+).
Your rubbery body absorbs attacks. (AC +1, EV +1)
((You are camouflaged when in or above water. (Stealth+)))
You have tentacles for arms and can constrict up to eight enemies at once.


Message History

The helpless giant cockroach fails to defend itself.
You tentacle-slap the giant cockroach but do no damage.
You grab the giant cockroach. You squeeze the giant cockroach.
The giant cockroach is moderately wounded.
You constrict the giant cockroach. The giant cockroach misses you.
You tentacle-slap the giant cockroach but do no damage.
You tentacle-slap the giant cockroach, but do no damage.
You squeeze the giant cockroach.
You kill the giant cockroach!
You open the door.
There is an open door here.
There is an open door here.
You open the door.
There is an open door here.
You open the door.
A giant cockroach comes into view.
There is an open door here.
Found 4 stones.
The helpless giant cockroach fails to defend itself.
You bludgeon the giant cockroach!
You kill the giant cockroach!
No target in view!
g - 35 stones (gained 4)
A jelly comes into view.
The jelly quivers.
Found a trident.
You bludgeon the jelly!
Your tentacles burn!
The jelly is heavily wounded.
The jelly hits you. The acid corrodes you!
You are splashed with acid!
You tentacle-slap the jelly but do no damage.
Your tentacles burn!
You squeeze the jelly.
The jelly is heavily wounded.
The jelly hits you.
You are splashed with acid!
You tentacle-slap the jelly. The acid corrodes you!
Your tentacles burn!
* * * LOW HITPOINT WARNING * * *
The jelly is almost dead.
The jelly hits you.
* * * LOW HITPOINT WARNING * * *
The acid corrodes you!
You are splashed with acid!
You die...

#....##.###.........
#.......##..........
##.......'..........
#....####.........#
#.#.## ##.......##
#.### ##.....## #..#
##...## ##.# ##+##
#h# #J# #.# #.# ...
... ... .)...


You could see a jelly.

Vanquished Creatures
  A scorpion (D:4)
  A hound (D:4)
  2 orc priests (D:2)
  Jessica (D:2)
  A sleepcap (D:4)
  Natasha (thrice) (D:2)
  Terence (D:3)
  Robin (D:3)
  2 dart slugs (D:2)
  2 ribbon worms
  3 orcs
  3 ball pythons
  6 endoplasms
  7 giant cockroaches
  12 goblins
  8 hobgoblins
  3 jackals (D:1)
  3 kobolds
  6 quokkas
  5 bats
  2 frilled lizards
  6 rats
79 creatures vanquished.

Notes
Turn   | Place    | Note
-------+----------+-------------------------------------------
     0 | D:1      | Gobbopathe the Octopode Shapeshifter began the quest for
                  | the Orb.
     0 | D:1      | Reached XP level 1. HP: 13/13 MP: 1/1
    50 | D:1      | Reached XP level 2. HP: 16/18 MP: 2/2
   337 | D:1      | You fall into a shaft and drop 1 floor!
   387 | D:1      | Reached skill level 1 in Stealth
   737 | D:2      | Reached XP level 3. HP: 18/23 MP: 3/3
   777 | D:2      | Noticed Jessica
   782 | D:2      | Killed Jessica
   909 | D:2      | Reached XP level 4. HP: 19/29 MP: 4/4
  1001 | D:2      | Noticed Natasha
  1006 | D:2      | Killed Natasha
  1032 | D:2      | Found a faded altar of an unknown god.
  1053 | D:2      | Reached XP level 5. HP: 27/35 MP: 5/5
  1558 | D:2      | Noticed Natasha
  1564 | D:2      | Killed Natasha
  1623 | D:2      | Noticed Natasha
  1635 | D:2      | Killed Natasha
  1636 | D:2      | Reached skill level 4 in Shapeshifting
  1855 | D:3      | Noticed Robin
  1864 | D:3      | Reached XP level 6. HP: 29/42 MP: 6/6
  1869 | D:3      | Killed Robin
  2471 | D:3      | Noticed Terence
  2475 | D:3      | Killed Terence
  2691 | D:3      | Found a bloodstained altar of Trog.
  3463 | D:4      | Splashed by a jelly's acid

Illustrated notes

Levels and vault maps discovered:
D:1:      minmay_arrival_wavy_path, layout_loops_cross
D:2:      layout_basic, ebering_ecumenical_altar_ruins, minmay_pentomino_x4,
          uniq_jessica, uniq_natasha
D:3:      layout_loops_corners, trog_butcher_becter, uniq_terence, uniq_robin
D:4:      layout_loops_corners, regret_index_xom_buried_treasure

Skill      XL: |  1  2  3  4  5  6 |
---------------+-------------------+-----
Stealth        | 1 2 3 |  3.4
Fighting       | 2 3 |  3.5
Dodging        | 3 |  3.3
Shapeshifting  | 4 |  4.3
Unarmed Combat | |  3.8

Action                     |  1- 3 |  4- 6 || total
---------------------------+-------+-------++-------
  Melee: Unarmed           |    46 |   110 ||   156
         Tentacles         |    10 |    30 ||    40
         Constrict         |    10 |    26 ||    36
         Punch             |     1 |     3 ||     4
   Stab: Sleeping          |     5 |    12 ||    17
 Armour: Skin              |    11 |    45 ||    56
  Dodge: Dodged            |    25 |    41 ||    66
